AoeStats
← 香辣小鲨鱼

Yucatan

503127406Analyzed
4v4 RM · 1mo ago on Aug 30, 2026· 58m 46s· 8 players
Game mode
Random Map
Map size
Large (8 player)
Population
200
Speed
Normal
Resources
Standard
Victory
Conquest
Starting age
Dark Age
Ending age
Imperial Age
RankedLock teamsTeams togetherTeam positionsShared explorationLock speedFull tech treeHidden civsTurbo modeCheats
Victory
Defeat
🇮🇹 Bohemians · Italy
959
+36
🇨🇳 Goths · China
950
+13
🇨🇳 Magyars · China
837
+19
🇮🇩 Lithuanians · Indonesia
752
+22
🇨🇳 Mongols · China
988
-21
🇦🇷 Bohemians · Argentina
897
-17
🇦🇹 Dravidians · Austria
859
-15
🇨🇳 Tatars · China
830
-14
SlonceG
9:01 Loom
11:41 Feudal Age
16:31 Castle Age
16:05 Double-Bit Axe
16:43 Horse Collar
20:59 Wheelbarrow
20:40 Fervor
19:52 Pikeman
20:57 Scale Mail Armor
22:20 Hand Cart
27:11 Bow Saw
27:26 Heavy Plow
30:25 Treadmill Crane
35:04 Caravan
35:04 Town Watch
35:26 Squires
38:28 Imperial Age
36:54 Town Patrol
38:34 Chemistry
38:03 Ballistics
37:48 Padded Archer Armor
37:39 Fletching
39:27 Forging
39:47 Conscription
39:50 Wagenburg Tactics
41:58 Two-Man Saw
40:36 Halberdier
Swimling
11:32 Feudal Age
16:38 Castle Age
16:04 Loom
29:12 Double-Bit Axe
29:10 Horse Collar
33:13 Medical Corps
34:00 Thumb Ring
40:23 Imperial Age
38:56 Wheelbarrow
38:09 Town Watch
38:41 Bow Saw
38:35 Heavy Plow
38:42 Fletching
38:53 Padded Archer Armor
39:05 Forging
40:25 Elite Elephant Archer
41:25 Leather Archer Armor
CaMelody
11:23 Feudal Age
15:55 Castle Age
13:49 Double-Bit Axe
18:25 Stone Mining
18:30 Gold Mining
18:22 Horse Collar
19:31 Bow Saw
20:27 Gold Shaft Mining
20:28 Stone Shaft Mining
22:01 Wheelbarrow
23:26 Heavy Plow
29:08 Imperial Age
26:48 Padded Archer Armor
26:38 Fletching
28:13 Nomads
28:42 Leather Archer Armor
28:22 Bodkin Arrow
28:56 Ballistics
28:46 Loom
29:17 Hand Cart
30:24 Conscription
30:33 Parthian Tactics
30:15 Thumb Ring
30:14 Bracer
32:32 Chemistry
32:11 Elite Mangudai
32:43 Capped Ram
35:11 Hoardings
34:55 Siege Ram
37:13 Drill
39:03 Husbandry
39:13 Bloodlines
41:12 Siege Engineers
43:13 Elite Steppe Lancer
44:07 Forging
44:02 Scale Barding Armor
45:41 Iron Casting
46:13 Chain Barding Armor
47:48 Blast Furnace
伐木人
4:11 Loom
11:53 Feudal Age
10:11 Loom
14:01 Wheelbarrow
14:27 Double-Bit Axe
18:25 Castle Age
21:07 Hand Cart
21:33 Horse Collar
32:39 Imperial Age
30:37 Gold Mining
31:25 Bow Saw
32:35 Town Watch
32:57 Husbandry
33:40 Silk Armor
34:01 Conscription
34:28 Forging
34:23 Scale Barding Armor
35:33 Caravan
35:21 Man-at-Arms
36:41 Iron Casting
35:58 Fletching
36:11 Cavalier
37:00 Heavy Plow
36:58 Stone Mining
39:00 Squires
38:21 Pikeman
39:43 Heavy Camel Rider
41:28 Gold Shaft Mining
41:39 Crop Rotation
44:51 Elite Skirmisher
46:47 Blast Furnace
46:08 Chain Barding Armor
45:44 Bodkin Arrow
45:50 Padded Archer Armor
46:32 Town Patrol
47:09 Elite Steppe Lancer
48:16 Halberdier
49:53 Fortified Wall
49:24 Treadmill Crane
50:06 Ballistics
50:46 Chemistry
49:57 Masonry
51:44 Plate Barding Armor
54:16 Scale Mail Armor
smatty988
7:33 Loom
11:17 Feudal Age
11:50 Double-Bit Axe
19:50 Castle Age
18:14 Horse Collar
21:27 Bow Saw
25:16 Wheelbarrow
28:06 Wheelbarrow
30:05 Imperial Age
28:40 Wheelbarrow
31:08 Chemistry
30:32 Forging
30:23 Scale Mail Armor
31:44 Hand Cart
34:05 Two-Man Saw
35:28 Wagenburg Tactics
36:32 Conscription
36:49 Fletching
37:00 Padded Archer Armor
37:28 Murder Holes
37:14 Treadmill Crane
37:28 Town Watch
38:11 Heavy Plow
39:12 Elite Hussite Wagon
41:18 Town Patrol
42:35 Pikeman
44:35 Caravan
45:06 Coinage
44:47 Guilds
44:55 Fortified Wall
55:24 Bodkin Arrow
55:44 Leather Archer Armor
55:17 Halberdier
香辣小鲨鱼
5:15 Loom
12:08 Feudal Age
14:01 Town Watch
14:22 Town Watch
17:03 Castle Age
14:59 Double-Bit Axe
15:00 Horse Collar
18:20 Wheelbarrow
18:01 Bow Saw
19:38 Heavy Plow
19:18 Pikeman
20:00 Squires
25:41 Gold Mining
25:41 Stone Mining
32:07 Imperial Age
29:36 Man-at-Arms
30:31 Forging
30:21 Scale Mail Armor
31:54 Stone Shaft Mining
32:54 Ballistics
32:45 Masonry
32:01 Long Swordsman
32:58 Chain Mail Armor
33:19 Iron Casting
32:50 Scale Barding Armor
33:08 Anarchy
33:29 Conscription
34:11 Chemistry
32:37 Two-Handed Swordsman
35:06 Two-Man Saw
33:53 Halberdier
35:07 Light Cavalry
35:58 Bloodlines
35:49 Husbandry
36:54 Blast Furnace
36:16 Chain Barding Armor
35:58 Perfusion
36:28 Capped Ram
38:14 Crop Rotation
37:42 Murder Holes
38:18 Architecture
38:35 Hussar
38:43 Elite Huskarl
46:30 Champion
g1psy
0:36 Loom
12:06 Feudal Age
23:59 Castle Age
21:51 Double-Bit Axe
22:41 Horse Collar
22:57 Gold Mining
22:58 Stone Mining
25:41 Stone Shaft Mining
28:16 Wheelbarrow
27:26 Town Watch
28:21 Wheelbarrow
27:31 Town Watch
31:26 Hand Cart
31:11 Town Patrol
34:59 Town Patrol
39:28 Imperial Age
38:01 Forging
37:51 Scale Mail Armor
37:58 Scale Barding Armor
38:10 Bloodlines
38:00 Husbandry
39:55 Treadmill Crane
40:25 Fortified Wall
40:34 Bow Saw
40:27 Heavy Plow
40:15 Elite Leitis
41:54 Iron Casting
41:40 Chain Barding Armor
40:45 Light Cavalry
43:12 Chemistry
46:08 Plate Barding Armor
46:55 Winged Hussar
54:47 Conscription
谢祈风
11:23 Feudal Age
15:19 Castle Age
14:52 Double-Bit Axe
14:52 Horse Collar
16:58 Bow Saw
25:16 Wheelbarrow
24:35 Loom
32:57 Imperial Age
31:56 Ballistics
32:15 Hand Cart
32:35 Corvinian Army
33:03 Bloodlines
32:54 Husbandry
33:23 Fletching
33:34 Padded Archer Armor
33:37 Gold Mining
33:37 Stone Mining
34:20 Conscription
34:29 Parthian Tactics
34:10 Bodkin Arrow
34:32 Heavy Plow
35:28 Bracer
35:44 Leather Archer Armor
35:35 Scale Barding Armor
35:36 Heavy Cavalry Archer
36:21 Recurve Bow
37:33 Chemistry
37:44 Ring Archer Armor
37:21 Scale Barding Armor
38:36 Chain Barding Armor
38:42 Chain Barding Armor
40:15 Plate Barding Armor
39:12 Elite Magyar Huszar
42:30 Gold Shaft Mining
47:02 Hoardings
46:34 Caravan
46:34 Murder Holes
46:44 Siege Engineers
Connection lost

Rejoining the realm…

Still unreachable

The connection could not be restored.

Session expired

The server has moved on; the page needs a fresh start.